 Dungeon Crawl Stone Soup version 0.31-a0-986-g5e6e4ef867 (webtiles) character file.

Game seed: 906775295840992935

206547 Lobster4 the Crack Shot (level 18, -1/169 HPs)
             Began as a Minotaur Hunter on Nov 4, 2023.
             Was the Champion of Fedhas.
             Slain by a black mamba skeleton (10 damage)
             ... on level 2 of the Abyss.
             The game lasted 02:09:08 (30583 turns).

Lobster4 the Crack Shot (Minotaur Hunter)          Turns: 30583, Time: 02:09:09

Health: -1/169     AC: 27    Str: 21    XL:     18   Next: 7%
Magic:  14/14      EV: 16    Int:  8    God:    Fedhas [******]
Gold:   354        SH:  0    Dex: 20    Spells: 23/23 levels left

rFire   + . .        b - +8 frozen axe "Frostbite" {freeze, freezing cloud, *Noise Fly rC+}
rCold   + + .        (shield currently unavailable)
rNeg    + + .        k - +3 scale mail of Tenacity {rPois rN++ MP-9 Str+3}
rPois   +            V - +2 hat
rElec   .            D - +2 cloak
rCorr   .            I - +1 pair of gloves
SInv    .            z - +1 pair of boots
Will    +....        c - amulet of regeneration
Stlth   +            Z - ring "Kikakkue" {rF+ rC+ Dex+2}
HPRegen 0.00/turn    N - +4 ring of protection
MPRegen 0.14/turn

%: no passive effects
@: marked, sick, flying
A: horns 2, retaliatory headbutt
}: 1/15 runes: decaying
a: Renounce Religion, Wall of Briars, Grow Ballistomycete, Overgrow, Grow Oklob


You were on level 2 of the Abyss.
You worshipped Fedhas.
Fedhas was exalted by your worship.
You visited 7 branches of the dungeon, and saw 31 of its levels.
You visited the Abyss 1 time.

You collected 3321 gold pieces.
You spent 2967 gold pieces at shops.

Inventory:

Hand Weapons
 a - a +6 longbow of flaming
 b - the +8 frozen axe "Frostbite" (weapon) {freeze, freezing cloud, *Noise Fly rC+}
   (You found it on level 8 of the Dungeon)

   rC+:       It protects you from cold.
   Fly:       It grants you flight.
   *Noise:    It may make a loud noise when swung.
 e - the +7 scimitar of the End {venom, rC+ rN+ Int+2 Stlth+}
   (You bought it in a shop on level 8 of the Dungeon)

   Int+2:     It affects your intelligence (+2).
   rC+:       It protects you from cold.
   rN+:       It protects you from negative energy.
   Stlth+:    It makes you more stealthy.
 q - the +4 arbalest "Felifi Yri" {antimagic, *Slow Dex+4}
   (You acquired it on level 10 of the Dungeon)

   Dex+4:     It affects your dexterity (+4).
   *Slow:     It may slow you when you take damage.
 t - the +5 shortbow "Impslayer" {heavy, MP+9 Str+4 Int+3 Dex-2}
   (You bought it in a shop on level 2 of the Orcish Mines)

   Str+4:     It affects your strength (+4).
   Int+3:     It affects your intelligence (+3).
   Dex-2:     It affects your dexterity (-2).
   MP+9:      It affects your magic capacity (+9).
 B - a +1 arbalest of freezing
Missiles
 i - 6 atropa-tipped darts
 v - 53 poisoned darts (quivered)
 w - 3 curare-tipped darts
 J - 6 darts of dispersal
Armour
 k - the +3 scale mail of Tenacity (worn) {rPois rN++ MP-9 Str+3}
   (You bought it in a shop on level 2 of the Orcish Mines)

   Str+3:     It affects your strength (+3).
   rPois:     It protects you from poison rN++: It greatly protects you from
   negative energy.
   MP-9:      It affects your magic capacity (-9).
 z - a +1 pair of boots (worn)
 D - a +2 cloak (worn)
 E - +0 steam dragon scales
 F - a +3 ring mail of willpower
 I - a +1 pair of gloves (worn)
 T - +0 fire dragon scales
 V - a +2 hat (worn)
 X - a +3 leather armour of cold resistance
Magical Staves
 y - a staff of fire
Jewellery
 c - an amulet of regeneration (around neck)
 p - a ring of positive energy
 u - a ring of poison resistance
 G - a ring of willpower
 N - a +4 ring of protection (right hand)
 O - a +5 ring of evasion
 S - a ring of protection from cold
 U - a ring of resist corrosion
 Z - the ring "Kikakkue" (left hand) {rF+ rC+ Dex+2}
   (You bought it in a shop on level 2 of the Elven Halls)

   [ring of protection from cold]

   Dex+2:     It affects your dexterity (+2).
   rF+:       It protects you from fire.
   rC+:       It protects you from cold.
Wands
 l - a wand of charming (41)
 o - a wand of roots (10)
 x - a wand of mindburst (12)
 C - a wand of acid (17)
 P - a wand of flame (41)
Scrolls
 f - 6 scrolls of fog
 g - 2 scrolls of poison
 h - 11 scrolls of identify
 n - 2 scrolls of immolation
 r - a scroll of revelation
 A - a scroll of fear
 H - 4 scrolls of teleportation
 K - a scroll of amnesia
 W - 2 scrolls of blinking
Potions
 d - a potion of cancellation
 j - 3 potions of brilliance
 m - 4 potions of ambrosia
 s - 2 potions of mutation
 L - a potion of haste
 M - a potion of lignification
 Q - 7 potions of curing
 R - a potion of enlightenment
 Y - a potion of resistance


   Skills:
 + Level 17.1 Fighting
 - Level 6.0 Long Blades
 + Level 14.2 Axes
 * Level 21.7 Ranged Weapons
 + Level 13.8 Armour
 - Level 10.0 Dodging
 - Level 1.0 Stealth
 + Level 3.4 Spellcasting
 - Level 3.0 Conjurations
 - Level 5.0 Earth Magic
 - Level 9.0 Invocations
 - Level 3.0 Evocations


You had 23 spell levels left.
You didn't know any spells.
Your spell library contained the following spells:

 Spells                   Type           Power      Damage    Failure   Level
 Foxfire                  Conj/Fire      12%        2x1d4     34%         1
 Kiss of Death            Conj/Necr      12%        2d6       34%         1
 Shock                    Conj/Air       12%        1d3       34%         1
 Apportation              Tloc           2%         N/A       54%         1
 Necrotise                Necr           4%         1d4       54%         1
 Summon Small Mammal      Summ           4%         N/A       54%         1
 Blink                    Tloc           2%         N/A       67%         2
 Scorch                   Fire           2%         2d5       67%         2
 Dazzling Flash           Conj/Hex       6%         N/A       71%         3
 Brom's Barrelling Bould  Conj/Erth      7%         2d3       77%         4
 Ozocubu's Armour         Ice            1%         N/A       88%         3
 Swiftness                Air            1%         N/A       88%         3
 Tukima's Dance           Hex            1%         N/A       88%         3
 Fulminant Prism          Conj/Hex       1%         3d5       98%         4
 Iskenderun's Mystic Bla  Conj/Tloc      3%         2d3       98%         4
 Airstrike                Air            0%         2d(1-17)  99%         4
 Animate Dead             Necr           1%         N/A       99%         4
 Dimensional Bullseye     Hex/Tloc       0%         N/A       99%         4
 Manifold Assault         Tloc           1%         N/A       99%         4
 Summon Ice Beast         Ice/Summ       1%         N/A       99%         4
 Iskenderun's Battlesphe  Conj           6%         2d6       99%         5
 Agony                    Necr           1%         N/A       100%        5
 Fireball                 Conj/Fire      1%         3d3       100%        5
 Metabolic Englaciation   Hex/Ice        0%         N/A       100%        5
 Silence                  Hex/Air        0%         N/A       100%        5
 Summon Forest            Summ/Tloc      0%         N/A       100%        5
 Conjure Ball Lightning   Conj/Air       1%         3x3d6     100%        6
 Eringya's Noxious Bog    Tmut/Pois      0%         4d6       100%        6
 Plasma Beam              Fire/Air       0%         2x1d10    100%        6
 Simulacrum               Ice/Necr       0%         N/A       100%        6
 Starburst                Conj/Fire      1%         6d3       100%        6
 Haunt                    Necr/Summ      0%         N/A       100%        7
 Orb of Destruction       Conj           3%         9d5       100%        7
 Summon Hydra             Summ           0%         N/A       100%        7
 Ignition                 Fire           0%         3d3       100%        8
 Infestation              Necr           0%         N/A       100%        8


Dungeon Overview and Level Annotations

Branches:
Dungeon (15/15)            Temple (1/1) D:5            Lair (5/5) D:9
  Swamp (4/4) Lair:2        Snake (1/4) Lair:2        Slime (0/5) Lair:4
    Orc (2/2) D:12            Elf (3/3) Orc:2        Vaults (0/5) D:13
 Depths (0/4) D:15

Altars:
Ashenzari
Cheibriados
Dithmenos
Elyvilon
Fedhas
Gozag
Hepliaklqana
Kikubaaqudgha
Makhleb
Nemelex Xobeh
Okawaru
Qazlal
Ru
Sif Muna
Trog
Uskayaw
Vehumet
Wu Jian
Xom
Yredelemnul
Zin
The Shining One
Jiyva

Shops:
D:8 *   D:9 (   D:11 !   D:15 [   Orc:2 ([*([   Elf:1 (   Elf:2 =?(

Annotations:
Lair:3 2 transporters, Vacku Hude's ghost, journeyman HOFi
Swamp:2 Roxanne
Elf:2 3 runed translucent doors
Elf:3 2 exclusions


Innate Abilities, Weirdness & Mutations

You have a pair of horns on your head.
You reflexively headbutt those who attack you in melee.


Message History

The rakshasa hits you but does no damage.
You are too injured to fight recklessly!
You are too injured to fight recklessly!
You are too injured to fight recklessly!
You slice the small abomination!! You freeze the small abomination!
You destroy the small abomination!
Fedhas accepts your kill.
You slash the black mamba skeleton!
The black mamba skeleton is engulfed in freezing vapours.
The black mamba skeleton closely misses you.
The rakshasa gestures at you. The lance of force hits you!!
* * * LOW HITPOINT WARNING * * *
You are knocked back by the lance of force.
You slam into the stone wall!
* * * LOW HITPOINT WARNING * * *
The black mamba skeleton is engulfed in freezing vapours.
The black mamba skeleton bites you but does no damage.
You feel better.
The black mamba skeleton is engulfed in freezing vapours.
The black mamba skeleton bites you but does no damage.
The rakshasa closely misses you.
The black mamba skeleton is engulfed in freezing vapours.
The black mamba skeleton bites you but does no damage.
You slash the black mamba skeleton!
You destroy the black mamba skeleton!
The black mamba skeleton shimmers and vanishes!
The rakshasa hits you from afar with a +0 trident!
* * * LOW HITPOINT WARNING * * *
A great orb of eyes comes into view.
The black mamba skeleton is engulfed in freezing vapours.
The black mamba skeleton barely misses you.
The black mamba skeleton is engulfed in freezing vapours.
The black mamba skeleton completely misses you.
You furiously retaliate!
You headbutt the black mamba skeleton!
The rakshasa weaves an illusion.
The thrashing horror shimmers and seems to become two!
You feel better. The black mamba skeleton bites you!
You die...
Fedhas appreciates your contribution to the ecosystem.

..#. . ... # .
... . . . . # .
. #. .. . .. ...
#.#..###.
....#####X.#.###
# ..X..x.XXx# ..
G. ...X8.X
##R##.#..#
......#
..#@Z...# . X..#
.##.#..## ..X..
#.. ###..# #X..
#.. # . .#. .##
.# . # . ## .. .
.. . . # . .. ..
. . ' . . . .. .


You could see a rakshasa, 3 thrashing horrors, a small abomination and a black
mamba skeleton.

Vanquished Creatures
  Norris (Elf:1)
  Jorgrun (D:13)
  An Executioner (Abyss:2)
  Donald (Lair:2)
  2 deep elf sorcerers
  A frost giant (D:15)
  Louise (D:15)
  A deep elf elementalist (Elf:1)
  2 orc warlords (Orc:2)
  An ironbound preserver (D:13)
  Nessos (D:15)
  3 eleionomae
  6 bunyips
  A dire elephant (Lair:5)
  A fire dragon (Lair:5)
  A deep elf death mage (Elf:3)
  A spriggan air mage (Swamp:2)
  A catoblepas (Lair:1)
  23 hydras
  2 centaur warriors
  A death knight (D:14)
  12 alligators
  2 ghost crabs
  3 boulder beetles
  5 tengu warriors (D:15)
  11 dancing weapons
  2 two-headed ogres
  13 death yaks
  4 thrashing horrors (Abyss:2)
  A spriggan berserker (Swamp:4)
  2 orc high priests
  10 deep elf knights
  The ghost of garrulousMonolith the Basher, a novice GrFi of the Shining One (D:9)
  A fire crab (shapeshifter) (D:15)
  4 skysharks
  4 goliath frogs
  8 skeletal warriors
  4 spriggan druids
  6 swamp dragons
  7 bog bodies
  A deep troll (Lair:3)
  13 deep elf archers
  2 lindwurms (Lair:5)
  3 orc knights
  28 deep elf zephyrmancers
  13 ugly things
  2 phantasmal warriors (D:14)
  19 deep elf pyromancers
  5 orc sorcerers
  6 cyclopes
  3 manticores
  2 worldbinders (Abyss:2)
  6 will-o-the-wisps
  2 large abominations (Abyss:2)
  A moth of wrath (Swamp:4)
  A salamander (shapeshifter) (D:15)
  3 elephants (Lair:5)
  A smoke demon (Abyss:2)
  2 gargoyles
  11 cane toads
  6 black mambas
  7 torpor snails
  An ice statue (D:8)
  2 kobold demonologists (D:11)
  A komodo dragon (shapeshifter) (D:14)
  An unseen horror (D:13)
  2 freezing wraiths (D:8)
  2 efreet
  2 rime drakes
  Jeremiah (D:8)
  A tengu conjurer (D:13)
  2 ice devils (D:8)
  10 komodo dragons
  A red devil (Abyss:2)
  3 meliai (D:14)
  10 hornets
  11 polar bears
  10 trolls
  15 tyrant leeches
  A merfolk (D:9)
  3 raiju (Lair:5)
  8 bloated husks
  Grinder (D:4)
  7 dream sheep (Lair:4)
  13 blink frogs
  A culicivora (shapeshifter) (D:13)
  5 slime creatures
  4 spriggans
  A shadow (D:9)
  4 air elementals
  6 wraiths
  5 flying skulls (Abyss:2)
  3 wyverns
  3 water elementals
  4 fire elementals
  43 yaks
  2 basilisks
  3 steam dragons
  A neqoxec (Abyss:2)
  10 wargs
  13 vampire mosquitoes
  19 swamp worms
  18 water moccasins
  12 hell hounds (Lair:5)
  44 orc warriors
  8 swamp drakes
  Duvessa (D:4)
  14 black bears
  10 ogres
  19 wolves
  11 centaurs
  2 phantoms
  4 kobold brigands
  15 bullfrogs
  4 scorpions
  2 earth elementals (Elf:2)
  8 small abominations (Abyss:2)
  2 gnoll sergeants
  3 wights (D:9)
  Dowan (D:4)
  2 troll zombies (D:12)
  6 killer bees
  3 howler monkeys
  A hound (D:5)
  A quasit (Abyss:2)
  23 orc priests
  A gnoll bouda (D:8)
  5 jellies
  A sleepcap (D:3)
  3 iguanas
  Ijyb (D:5)
  25 orc wizards
  6 ogre zombies (D:12)
  Robin (D:2)
  11 gnolls
  6 adders
  A shadow imp (D:6)
  10 white imps
  3 worms
  2 dart slugs
  80 orcs
  12 ball pythons
  9 endoplasms
  2 giant cockroaches
  7 gnoll zombies (D:12)
  16 goblins
  8 hobgoblins
  10 jackals
  4 quokkas
  6 bats
  2 frilled lizards
  6 gnoll skeletons (D:12)
  20 kobolds
  An orc skeleton (D:12)
  11 orc zombies (D:12)
  8 rats
1017 creatures vanquished.

Vanquished Creatures (collateral kills)
  An orc warlord (Orc:2)
  A centaur warrior (D:14)
  A phantasmal warrior (D:14)
  A gargoyle (D:14)
  A troll (Orc:2)
  2 wargs (Orc:2)
  A water moccasin (D:5)
  3 orc warriors (Orc:2)
  3 killer bees (D:10)
  An orc priest (Orc:2)
  4 orcs
  2 ballistomycete spores (Elf:1)
21 creatures vanquished.

Vanquished Creatures (others)
  A thorn hunter (Swamp:4)
  An eleionoma (Swamp:4)
  2 shambling mangroves (Swamp:4)
  An alligator (Swamp:1)
  3 bog bodies (Swamp:4)
  A swamp dragon (Swamp:4)
  3 bloated husks
  A swamp drake (Swamp:4)
  A bullfrog (D:7)
  An orc (D:8)
  32 foxfires
47 creatures vanquished.

Grand Total: 1085 creatures vanquished

Notes
Turn   | Place    | Note
-------+----------+-------------------------------------------
     0 | D:1      | Lobster4 the Minotaur Hunter began the quest for the Orb.
     0 | D:1      | Reached XP level 1. HP: 18/18 MP: 0/0
   204 | D:1      | Reached skill level 1 in Stealth
   204 | D:1      | Reached XP level 2. HP: 25/25 MP: 1/1
   464 | D:1      | Reached skill level 1 in Armour
   810 | D:2      | Reached XP level 3. HP: 26/30 MP: 2/2
   865 | D:2      | Found a shimmering blue altar of Sif Muna.
  1011 | D:2      | Reached skill level 5 in Ranged Weapons
  1136 | D:2      | Noticed Robin
  1176 | D:2      | Killed Robin
  1177 | D:2      | Reached XP level 4. HP: 29/38 MP: 3/3
  1861 | D:3      | Reached XP level 5. HP: 43/45 MP: 4/4
  2321 | D:4      | Noticed an ogre
  2413 | D:4      | Reached skill level 6 in Ranged Weapons
  2423 | D:4      | Noticed Dowan
  2463 | D:4      | Noticed Grinder
  2463 | D:4      | Paralysed by Grinder for 2 turns
  2474 | D:4      | Paralysed by Grinder for 5 turns
  2504 | D:4      | Noticed Duvessa
  2566 | D:4      | Killed an ogre
  2567 | D:4      | Reached XP level 6. HP: 52/52 MP: 5/5
  2681 | D:4      | Killed Grinder
  2682 | D:4      | Reached skill level 7 in Ranged Weapons
  2682 | D:4      | Reached XP level 7. HP: 50/60 MP: 6/6
  2970 | D:4      | Killed Duvessa
  2979 | D:4      | Killed Dowan
  2980 | D:4      | Reached skill level 5 in Fighting
  3306 | D:5      | Entered Level 5 of the Dungeon
  3471 | D:5      | Found a staircase to the Ecumenical Temple.
  3477 | Temple   | Entered the Ecumenical Temple
  3505 | Temple   | Became a worshipper of Fedhas Madash
  3595 | D:5      | Reached skill level 5 in Dodging
  3595 | D:5      | Reached XP level 8. HP: 66/69 MP: 7/7
  3597 | D:5      | Reached skill level 8 in Ranged Weapons
  3686 | D:5      | Noticed Ijyb
  3691 | D:5      | Killed Ijyb
  3692 | D:5      | Reached skill level 1 in Invocations
  3917 | D:5      | Found a glowing golden altar of the Shining One.
  4036 | D:6      | Found a hide-covered altar of Uskayaw.
  4036 | D:6      | Found an ornate altar of the Wu Jian Council.
  4036 | D:6      | Found a sparkling altar of Nemelex Xobeh.
  4176 | D:6      | Reached skill level 5 in Armour
  4394 | D:6      | Reached * piety under Fedhas
  4584 | D:6      | Reached skill level 9 in Ranged Weapons
  4872 | D:7      | Reached XP level 9. HP: 71/78 MP: 10/10
  4908 | D:7      | Noticed a two-headed ogre
  4922 | D:7      | Killed a two-headed ogre
  4923 | D:7      | Reached skill level 10 in Ranged Weapons
  5487 | D:7      | Reached skill level 1 in Evocations
  5647 | D:8      | Found Jopruwk's Assorted Antiques.
  5653 | D:8      | Bought a dazzling scimitar for 207 gold pieces
  5653 | D:8      | Identified the +7 scimitar of the End {venom, rC+ rN+ Int+2
                  | Stlth+} (You bought it in a shop on level 8 of the Dungeon)
  5653 | D:8      | Bought a bubbling coppery potion for 20 gold pieces
  5653 | D:8      | Bought a scroll labelled BAMNUA TEM LOE for 23 gold pieces
  5653 | D:8      | Bought a pair of gloves for 103 gold pieces
  5653 | D:8      | Bought a potion of heal wounds for 115 gold pieces
  5715 | D:8      | Noticed an ice statue
  5731 | D:8      | Noticed Jeremiah
  5929 | D:8      | Reached skill level 1 in Long Blades
  6072 | D:8      | Reached ** piety under Fedhas
  6155 | D:8      | Noticed a freezing wraith
  6287 | D:8      | Reached skill level 11 in Ranged Weapons
  6393 | D:9      | Noticed a death yak
  6401 | D:8      | Reached XP level 10. HP: 73/88 MP: 11/11
  6416 | D:8      | Killed a death yak
  6471 | D:9      | Noticed a death yak
  6471 | D:9      | Noticed a death yak
  6472 | D:9      | Noticed a death yak
  6472 | D:9      | Noticed a death yak
  6572 | D:9      | Found Laudwop's Weapon Shoppe.
  6579 | D:9      | Noticed garrulousMonolith's ghost (novice GrFi)
  6579 | D:9      | Found a runed translucent gate.
  6580 | D:9      | Found a runed translucent gate.
  6581 | D:9      | Found a runed translucent gate.
  6943 | D:9      | Found a staircase to the Lair.
  6962 | D:9      | Noticed a death yak
  6976 | D:9      | Noticed a death yak
  7016 | D:9      | Killed a death yak
  7040 | D:9      | Killed a death yak
  7041 | D:9      | Reached skill level 12 in Ranged Weapons
  7200 | D:9      | Killed a death yak
  7603 | D:8      | Reached skill level 5 in Long Blades
  7658 | D:8      | Reached XP level 11. HP: 18/97 MP: 12/12
  7813 | D:8      | Found the +8 frozen axe "Frostbite" {freeze, freezing
                  | cloud, *Noise Fly rC+}
  7975 | D:8      | Reached *** piety under Fedhas
  8000 | D:9      | Killed a death yak
  8001 | D:9      | Reached skill level 1 in Axes
  8036 | D:9      | Killed a death yak
  8091 | D:9      | Killed a death yak
  8092 | D:9      | Reached skill level 13 in Ranged Weapons
  8102 | D:9      | Reached skill level 10 in Fighting
  8591 | D:10     | Entered Level 10 of the Dungeon
  8817 | D:10     | Noticed a two-headed ogre
  9350 | D:10     | Identified a scroll of acquirement
  9350 | D:10     | Acquired the +4 arbalest "Felifi Yri" {antimagic, *Slow
                  | Dex+4}
  9355 | D:10     | You fall into a shaft and drop 2 floors!
  9433 | D:11     | Noticed a boulder beetle
  9444 | D:11     | Killed a boulder beetle
  9445 | D:11     | Reached skill level 10 in Armour
  9513 | D:11     | Found Aptoiblupor's Distillery.
  9513 | D:11     | Noticed a boulder beetle
  9525 | D:11     | Killed a boulder beetle
  9525 | D:11     | Reached **** piety under Fedhas
  9563 | D:11     | Bought a potion of cancellation for 104 gold pieces
  9563 | D:11     | Bought a potion of invisibility for 104 gold pieces
  9662 | D:10     | Killed a two-headed ogre
  9663 | D:10     | Reached skill level 14 in Ranged Weapons
 10015 | D:11     | Reached XP level 12. HP: 108/108 MP: 4/13
 10020 | D:11     | Reached skill level 5 in Axes
 10464 | D:12     | Reached ***** piety under Fedhas
 10505 | D:12     | Found a staircase to the Orcish Mines.
 10956 | D:12     | Reached skill level 15 in Ranged Weapons
 11181 | Lair:1   | Entered Level 1 of the Lair of Beasts
 11198 | Lair:1   | Reached skill level 5 in Invocations
 11205 | Lair:1   | Noticed a catoblepas
 11303 | Lair:1   | Killed a catoblepas
 11842 | Lair:1   | You fall into a shaft and drop 1 floor!
 11842 | Lair:2   | Identified the of Nugo
 12020 | Lair:2   | Reached XP level 13. HP: 118/118 MP: 5/16
 12244 | Lair:2   | Found a staircase to the Snake Pit.
 12300 | Lair:2   | Reached skill level 16 in Ranged Weapons
 12527 | Lair:2   | Found a staircase to the Swamp.
 12663 | Lair:2   | Identified the blade talisman of Muttered Phrases {Slay+2}
 12930 | Lair:3   | Acquired a +1 longbow of flaming
 13105 | Lair:3   | Found a transporter.
 13105 | Lair:3   | Found a transporter.
 13109 | Lair:3   | Noticed Vacku Hude's ghost (journeyman HOFi)
 13231 | Lair:3   | Found a runed translucent door.
 13703 | Lair:4   | Found a viscous altar of Jiyva.
 13704 | Lair:4   | Found a staircase to the Slime Pits.
 13750 | Lair:4   | Reached ****** piety under Fedhas
 13775 | Lair:4   | Reached skill level 1 in Earth Magic
 13830 | Lair:4   | Reached skill level 1 in Conjurations
 13860 | Lair:4   | Reached skill level 1 in Spellcasting
 14603 | Lair:4   | Reached skill level 17 in Ranged Weapons
 14955 | Lair:4   | Reached XP level 14. HP: 129/129 MP: 17/17
 14980 | Lair:5   | Entered Level 5 of the Lair of Beasts
 16127 | Lair:5   | Found a runed translucent door.
 16138 | Lair:5   | Reached skill level 10 in Axes
 16188 | Lair:5   | Paralysed by a hornet for 2 turns
 16400 | Lair:5   | Paralysed by a hornet for 2 turns
 16755 | Lair:5   | Reached skill level 18 in Ranged Weapons
 17084 | D:8      | Killed Jeremiah
 17175 | D:9      | Killed garrulousMonolith's ghost
 17319 | Orc:1    | Entered Level 1 of the Orcish Mines
 17468 | Orc:2    | Entered Level 2 of the Orcish Mines
 17492 | Orc:2    | Noticed an orc warlord
 17501 | Orc:2    | Killed an orc warlord
 17664 | Orc:2    | Found a staircase to the Elven Halls.
 17997 | Orc:2    | Found Cyug's Antique Armour Shoppe.
 18002 | Orc:2    | Bought a distressingly furry scale mail for 279 gold pieces
 18002 | Orc:2    | Identified the +3 scale mail of Tenacity {rPois rN++ MP-9
                  | Str+3} (You bought it in a shop on level 2 of the Orcish
                  | Mines)
 18225 | Orc:2    | Found Butent's Assorted Antiques.
 18295 | Orc:2    | Noticed an orc warlord
 18300 | Orc:2    | Paralysed by an orc sorcerer for 4 turns
 18341 | Orc:2    | Killed an orc warlord
 18457 | Orc:2    | Reached XP level 15. HP: 138/138 MP: 9/18
 18562 | Orc:2    | Identified the +4 chain mail of the Grand God {Dex+2}
 18965 | Orc:2    | Found Livo's Weapon Boutique.
 19283 | Orc:2    | Found Suaqi's Antique Weapon Boutique.
 19285 | Orc:2    | Found Eppan's Antique Armour Shop.
 19295 | Orc:2    | Bought a hat for 100 gold pieces
 19306 | Orc:2    | Bought a crystal shortbow for 216 gold pieces
 19306 | Orc:2    | Identified the +5 shortbow "Impslayer" {heavy, MP+9 Str+4
                  | Int+3 Dex-2} (You bought it in a shop on level 2 of the
                  | Orcish Mines)
 19399 | Orc:2    | Bought a scroll of summoning for 313 gold pieces
 19979 | D:13     | Found a gate to the Vaults.
 20217 | D:13     | Noticed Jorgrun
 20227 | D:13     | Killed Jorgrun
 21073 | D:14     | Reached skill level 19 in Ranged Weapons
 21999 | D:15     | Entered Level 15 of the Dungeon
 21999 | D:15     | Noticed Nessos
 22072 | D:15     | Killed Nessos
 22210 | D:15     | Reached skill level 15 in Fighting
 22278 | D:15     | Found Esatef's Antique Armour Shoppe.
 22285 | D:15     | Bought an embroidered hat for 224 gold pieces
 22495 | D:15     | Found a staircase to the Depths.
 22495 | D:15     | Noticed a frost giant
 22503 | D:15     | Killed a frost giant
 22583 | D:15     | Reached XP level 16. HP: 145/149 MP: 11/20
 22606 | D:15     | Noticed Louise
 22635 | D:15     | Killed Louise
 22975 | Swamp:1  | Entered Level 1 of the Swamp
 22975 | Swamp:1  | Noticed Donald
 23009 | Lair:2   | HP: 7/149 [Donald/+4 eveningstar of holy wrath (10)]
 23014 | Lair:2   | Killed Donald
 23302 | Swamp:1  | Reached skill level 5 in Earth Magic
 24364 | Swamp:2  | Noticed Roxanne
 24808 | Swamp:3  | Reached skill level 20 in Ranged Weapons
 25224 | Swamp:4  | Entered Level 4 of the Swamp
 25985 | Swamp:4  | Reached XP level 17. HP: 154/158 MP: 13/22
 26286 | Swamp:4  | Reached skill level 10 in Dodging
 26550 | Swamp:4  | Got a decaying rune of Zot
 26886 | Snake:1  | Entered Level 1 of the Snake Pit
 27071 | Elf:1    | Identified the of Rekhaytunn
 27071 | Elf:1    | Entered Level 1 of the Elven Halls
 27992 | Elf:1    | Paralysed by an air elemental for 1 turns
 28010 | Elf:1    | Noticed Norris
 28211 | Elf:1    | Found Lueretz's Antique Weapon Shop.
 28653 | Elf:1    | Killed Norris
 28654 | Elf:1    | Reached skill level 21 in Ranged Weapons
 28953 | Elf:2    | Paralysed by an air elemental for 1 turns
 28956 | Elf:1    | Paralysed by an air elemental for 1 turns
 29564 | Elf:2    | Found Kaum's Antique Weapon Shop.
 29572 | Elf:2    | Paralysed by an air elemental for 1 turns
 29576 | Elf:2    | Paralysed by an air elemental for 1 turns
 29751 | Elf:2    | Found Xoizef's Jewellery Shoppe.
 29761 | Elf:2    | Bought the ring "Kikakkue" {rF+ rC+ Dex+2} for 691 gold
                  | pieces
 29796 | Elf:2    | Found Ugiosenu's Magic Scroll Shop.
 29804 | Elf:2    | Bought a scroll of teleportation for 36 gold pieces
 29804 | Elf:2    | Bought a scroll of enchant weapon for 90 gold pieces
 29804 | Elf:2    | Bought a scroll of teleportation for 36 gold pieces
 29804 | Elf:2    | Bought a scroll of enchant weapon for 90 gold pieces
 29804 | Elf:2    | Bought a scroll of blinking for 90 gold pieces
 29804 | Elf:2    | Bought a scroll of teleportation for 36 gold pieces
 29804 | Elf:2    | Bought a scroll of blinking for 90 gold pieces
 29867 | Elf:2    | Found a runed translucent gate.
 29872 | Elf:2    | Found a runed translucent gate.
 29873 | Elf:2    | Found a runed translucent gate.
 29996 | Elf:3    | Identified the of Etiqyahu
 29996 | Elf:3    | Entered Level 3 of the Elven Halls
 30238 | Abyss:2  | Cast into level 2 of the Abyss (+1 glaive of distortion)
 30517 | Abyss:2  | Reached XP level 18. HP: 163/165 MP: 14/23
 30579 | Abyss:2  | HP: 7/169 [stone wall collision (11)]
 30583 | Abyss:2  | Slain by a black mamba skeleton

Illustrated notes

Levels and vault maps discovered:
D:1:      minmay_arrival_open_corners, layout_loops_ring, minmay_box_of_dots
D:2:      layout_rooms, basic_altar, nicolae_the_louvre, uniq_robin
D:3:      layout_loops_ring
D:4:      layout_basic, uniq_grinder, uniq_duvessa
D:5:      layout_rooms, tso_oasis_becter, minmay_temple_entry_hall, uniq_ijyb
D:6:      minmay_general_purpose_star, layout_basic,
          gammafunk_temple_overflow_claw
D:7:      layout_loops_ring
D:8:      lemuel_ice_statue, layout_basic, serial_shops, shop,
          hellmonk_guarded_unrand_frostbite, uniq_jeremiah
D:9:      layout_basic, dpeg_lair_monsters, biasface_ghost_orc_armoury,
          serial_shops, shop, hangedman_fish_farm
D:10:     layout_cave_pools
D:11:     layout_rooms, serial_shops, shop, mumra_transporter_accident,
          minmay_hedge_maze
D:12:     layout_roguey, zombieorc2_lemuel, minmay_orc_keep
D:13:     layout_irregular_city, skrybe_vaults_entry_preservation, uniq_jorgrun
D:14:     layout_layer_cave, hangedman_decor_clover_reticule
D:15:     grunt_enter_depths_snipers, layout_rooms, serial_shops,
          nicolae_shop_pleasant_corner_grove, uniq_louise, uniq_nessos
Temple:   mainiacjoe_temple_bowtie_tessellation
Lair:1:   layout_cave_shapes
Lair:2:   layout_regular_city, mainiacjoe_swamp_entry_lozenge_pond,
          minmay_snake_entry_six_corridors, grunt_megastairs_3
Lair:3:   dreamdust_cave_troll, layout_concentric_octagons,
          gammafunk_ghost_hive, nicolae_quartered_pool_super, pf_torpor_hydra
Lair:4:   layout_cave_pods, nicolae_slime_entry_slimehenge, grunt_megastairs_5
Lair:5:   hangedman_lair_caniforms_friends, layout_loops_ring, wormcave,
          serial_forest, infiniplex_forest_lined_4_way,
          infiniplex_forest_lined_room_, infiniplex_forest_fountain,
          infiniplex_forest_join, infiniplex_forest_lined_room_,
          infiniplex_forest_straight_5, infiniplex_forest_clump_large,
          infiniplex_forest_clump_double, minivault_11
Swamp:1:  layout_basic_swamp, infiniplex_staircase_pool, swamp_pool_3,
          uniq_donald
Swamp:2:  layout_basic_swamp, evilmike_swamp_ruin_house_2, swamp_pool_1_2,
          uniq_roxanne
Swamp:3:  layout_basic_swamp, evilmike_swamp_ruin_rubble_2
Swamp:4:  swamp_basic_johnstein, layout_basic_swamp, swamp_pool_5,
          roderic_carrion_pond, worms_lemuel, infiniplex_staircase_pool_2
Snake:1:  gammafunk_its_a_trap, layout_onion, uniq_mlioglotl
Orc:1:    layout_caves
Orc:2:    grunt_orc_community_town_hall, layout_diamond_mine,
          grunt_orc_community_big_house_1, grunt_orc_community_big_house_2,
          grunt_orc_community_house_3, grunt_orc_community_house_2,
          grunt_orc_community_house_2, grunt_orc_community_house_2,
          grunt_orc_community_house_1, serial_shops, nicolae_shop_hallway_plus,
          elf_legates
Elf:1:    eino_elf_arrival_the_gate, layout_loops_cross, serial_shops,
          nicolae_shop_tiny_waterfront, minmay_elf_sorcery,
          dreamdust_princess_bridge, minivault_26, uniq_norris
Elf:2:    elven_hall_of_blades_hangedman_original
          [infiniplex_blade_entry_pillars], layout_rooms, serial_shops,
          nicolae_shop_tiny_glass, nicolae_shop_hallway_plus,
          nicolae_shop_crystal
Elf:3:    elf_hall_gauntlet_wide, layout_loops_corners, st_stairs_1, uniq_mara,
          uniq_saint_roka, uniq_nikola
Abyss:2:  base: D:12, lemuel_firewalk_3, bh_abyss_exit_spiral

Skill      XL: |  1  2  3  4  5  6  7  8  9 10 11 12 13 14 15 16 17 |
---------------+----------------------------------------------------+-----
Stealth        | 1 |  1.0
Armour         | 1 2 3 4 6 7 9 10 11 12 13 | 13.8
Ranged Weapons | 5 6 7 9 11 12 14 15 17 18 19 20 21 | 21.7
Fighting       | 3 4 5 6 8 9 10 12 13 14 15 16 17 | 17.1
Dodging        | 3 4 5 6 7 8 9 10 | 10.0
Invocations    | 3 5 6 7 8 9 |  9.0
Evocations     | 2 3 |  3.0
Long Blades    | 2 5 6 |  6.0
Axes           | 4 7 9 10 12 14 | 14.2
Earth Magic    | 2 3 4 5 |  5.0
Conjurations   | 2 3 |  3.0
Spellcasting   | 1 3 |  3.4

Action                     |  1- 3 |  4- 6 |  7- 9 | 10-12 | 13-15 | 16-18 || total
---------------------------+-------+-------+-------+-------+-------+-------++-------
  Melee: Dagger            |     2 |       |       |       |       |       ||     2
         Shortbow          |       |       |     9 |     4 |       |       ||    13
         Headbutt          |       |       |     1 |    27 |     8 |    32 ||    68
         Scimitar          |       |       |       |    38 |       |       ||    38
         Punch             |       |       |       |     1 |       |       ||     1
         Executioner's axe |       |       |       |    55 |    41 |   192 ||   288
   Fire: Shortbow          |   147 |   119 |   404 |   293 |       |       ||   963
         Arbalest          |       |       |       |   355 |   245 |       ||   600
         Longbow           |       |       |       |       |  1299 |   920 ||  2219
  Throw: Dart              |       |     8 |    12 |    29 |    17 |     4 ||    70
         Throwing net      |       |       |       |     5 |     2 |       ||     7
 Invoke: Wall of Briars    |       |       |       |     2 |     2 |     1 ||     5
         Grow Ballistomyce |       |       |       |       |       |     1 ||     1
  Evoke: Wand              |       |       |    23 |     6 |     9 |     3 ||    41
    Use: Scroll            |       |     7 |    11 |    12 |    17 |    18 ||    65
         Potion            |       |       |       |     4 |     9 |     8 ||    21
   Stab: Confused          |       |       |       |       |       |     1 ||     1
 Armour: Leather armour    |    43 |    23 |   132 |       |       |       ||   198
         Steam dragon scal |       |       |    58 |   293 |   299 |       ||   650
         Scale mail        |       |       |       |       |   237 |   747 ||   984
  Dodge: Dodged            |    51 |    31 |   172 |   286 |   426 |   626 ||  1592

Table legend: (Time is in decaauts)
 A = Elapsed time spent in this place.
 B = Non-inter-level travel time spent in this place.
 C = Inter-level travel time spent in this place.
 D = Time resting spent in this place.
 E = Time spent auto-exploring this place.
 F = Levels seen in this place.
 G = Mean time per level.
                   A        B        C        D        E       F      G
               +--------+--------+--------+--------+--------+-----+--------+
         Total |  30783 |  28522 |   2261 |   4544 |  15893 |  32 |  962.0 |
       Dungeon |  14860 |  13764 |   1096 |   1911 |   8006 |  15 |  990.7 |
        Temple |     53 |      9 |     44 |      0 |      0 |   1 |   53.0 |
          Lair |   6015 |   5547 |    468 |    573 |   3442 |   5 | 1203.0 |
         Swamp |   3891 |   3566 |    325 |    700 |   1954 |   4 |  972.8 |
     Snake Pit |      3 |      3 |      0 |      0 |      0 |   1 |    3.0 |
  Orcish Mines |   2636 |   2359 |    277 |    353 |   1234 |   2 | 1318.0 |
   Elven Halls |   2997 |   2947 |     50 |    883 |   1154 |   3 |  999.0 |
         Abyss |    325 |    325 |      0 |    121 |    102 |   1 |  325.0 |
               +--------+--------+--------+--------+--------+-----+--------+

Top non-repeatable levels by time:
   Elf:1: 2179 daAuts
   Orc:2: 2041 daAuts
     D:9: 1955 daAuts
  Lair:5: 1879 daAuts
     D:8: 1644 daAuts
    D:14: 1356 daAuts
  Lair:4: 1279 daAuts
  Lair:2: 1267 daAuts
 Swamp:3: 1206 daAuts
    D:12: 1204 daAuts
 Swamp:4: 1013 daAuts
     D:4: 975 daAuts
    D:13: 961 daAuts
  Lair:3: 953 daAuts
     D:3: 876 daAuts
